 Dungeon Crawl Stone Soup version 0.23.2-30-g0e89c35649 (webtiles) character file.

Game seed: 11045714198426866155

130 Mrkan the Chopper (level 4, -3/41 HPs)
             Began as a Minotaur Berserker on June 23, 2019.
             Was a Believer of Trog.
             Slain by an iguana (10 damage)
             ... on level 4 of the Dungeon.
             The game lasted 00:03:20 (1401 turns).

Mrkan the Chopper (Minotaur Berserker)              Turns: 1401, Time: 00:03:20

Health: -3/41      AC:  8    Str: 21    XL:     4   Next: 89%
Magic:  3/3        EV: 10    Int:  4    God:    Trog [**....]
Gold:   129        SH:  0    Dex: 11    Spells: 3/3 levels left

rFire    . . .     SeeInvis .   a - +0 hand axe
rCold    . . .     Gourm    .   (no shield)
rNeg     . . .     Faith    .   j - +0 scale mail
rPois    .         Spirit   .   (helmet restricted)
rElec    .         Reflect  .   (no cloak)
rCorr    .         Harm     .   h - +0 pair of gloves
MR       .....                  (no boots)
Stlth    ..........             (no amulet)
HPRegen  0.13/turn              (no ring)
MPRegen  0.08/turn              (no ring)

@: no status effects
A: retaliatory headbutt, horns 2
a: Berserk, Trog's Hand, Renounce Religion


You were on level 4 of the Dungeon.
You worshipped Trog.
Trog was pleased with you.
You were not hungry.

You visited 1 branch of the dungeon, and saw 4 of its levels.

You collected 129 gold pieces.

Inventory:

Hand Weapons
 a - a +0 hand axe (weapon)
Armour
 b - a +0 animal skin
 h - a +0 pair of gloves (worn)
 j - a +0 scale mail (worn)
 n - a +1 pair of boots
Jewellery
 i - an uncursed ring of fire {unknown}
Scrolls
 d - a scroll of fear {unknown}
 g - 2 scrolls of fog {unknown}
 k - 2 scrolls of identify {unknown}
 l - a scroll of magic mapping {unknown}
 m - a scroll of remove curse {unknown}
 q - 3 scrolls of enchant armour {unknown}
 r - 2 scrolls of enchant weapon {unknown}
 s - a scroll of teleportation {unknown}
Potions
 e - a potion of haste {unknown}
 f - a potion of invisibility {unknown}
 p - a potion of agility {unknown}
 t - a potion of might {unknown}
Comestibles
 c - 5 rations
 o - 2 chunks of flesh


   Skills:
 + Level 4.6 Fighting
 * Level 5.4 Axes
 + Level 3.7 Armour
 - Level 2.1 Dodging


You had 3 spell levels left.
You didn't know any spells.
Your spell library was empty.

Dungeon Overview and Level Annotations

Branches:
Dungeon (3/15)

Altars:


Innate Abilities, Weirdness & Mutations

You reflexively headbutt those who attack you in melee.
You have a pair of horns on your head.


Message History

The iguana bites you.
You hit the iguana but do no damage. Your headbutt misses the iguana.
The iguana bites you.
You hit the iguana but do no damage. Your headbutt misses the iguana.
The iguana bites you!
You completely miss the iguana.
The iguana bites you but does no damage.
You hit the iguana but do no damage. The iguana bites you!
You hit the iguana but do no damage. The iguana closely misses you.
You furiously retaliate!
You headbutt the iguana.
Your scale mail prevents you from hitting the iguana.
You headbutt the iguana, but do no damage.
The iguana is lightly wounded.
The iguana bites you!
* * * LOW HITPOINT WARNING * * *
You closely miss the iguana.
You headbutt the iguana, but do no damage.
The iguana is lightly wounded.
The iguana bites you!
You die...

####### ### #####.....#
#.# #.........#####.# #
#...............#.###.#
#..............@l.....#
.#.....##########.######
.............# .#
.............## .#
..............# .#
.....##.......###.#
.....#......#.#...######
######......#....###...#
#####......###...##.#.#


You could see an iguana.

Vanquished Creatures
  An orc priest (D:4)
  A worker ant (D:4)
  2 adders (D:2)
  A shadow imp (D:2)
  An ooze (D:1)
  A dart slug (D:1)
  A leopard gecko (D:2)
  2 orcs (D:4)
  3 bats (D:1)
  2 giant cockroaches (D:2)
  8 goblins
  5 hobgoblins
  2 jackals (D:1)
  4 kobolds
  A quokka (D:2)
  2 ball pythons
  7 rats
44 creatures vanquished.

Notes
Turn   | Place    | Note
-------+----------+-------------------------------------------
     0 | D:1      | Mrkan the Minotaur Berserker began the quest for the Orb.
     0 | D:1      | Reached XP level 1. HP: 19/19 MP: 0/0
   214 | D:1      | Reached skill level 4 in Axes
   220 | D:1      | Reached XP level 2. HP: 27/27 MP: 1/1
   392 | D:1      | Reached ** piety under Trog
   416 | D:1      | Reached XP level 3. HP: 29/33 MP: 2/2
   762 | D:2      | Reached XP level 4. HP: 36/40 MP: 3/3
  1153 | D:2      | Reached skill level 5 in Axes
  1278 | D:3      | You fall through a shaft!
  1401 | D:4      | Slain by an iguana

Skill      XL: |  1  2  3  4 |
---------------+-------------+-----
Axes           | 4 5 |  5.4
Fighting       | 4 |  4.6
Armour         | 3 |  3.7
Dodging        | |  2.1

Action                   |  1- 3 |  4- 6 || total
-------------------------+-------+-------++-------
Melee: Hand axe          |    60 |    33 ||    93
       Headbutt          |    12 |     6 ||    18
  Eat: Chunk             |       |     2 ||     2
Armor: Scale mail        |    23 |    14 ||    37
       Animal skin       |     1 |       ||     1
Dodge: Dodged            |    42 |    15 ||    57
